 Dungeon Crawl Stone Soup version 0.14-a0-1394-gf100833 (console) character file.

565691 Maniacuz the Impregnable (level 24, 152/153 HPs)
             Began as a Djinni Skald on Aug 24, 2013.
             Was a High Priest of Ashenzari.
             Quit the game on Level 6 of the Pits of Slime on Dec 9, 2013.
             The game lasted 10:11:22 (108241 turns).

Maniacuz the Impregnable (Djinni Skald)           Turns: 108241, Time: 10:11:23

HP 152/153 (132) AC 31     Str 23      XL: 24   Next: 74%
MP   0/0         EV  7     Int 24      God: Ashenzari [*****.]
Gold 5447        SH 47     Dex 18      Spells:  8 memorised, 22 levels left

rFire  + + +     SeeInvis +     N - +13,+4 demon blade "Leech" {vamp, rN+ EV-1 Str-1 Dex-1 Int-1}
rCold  + . .     Clarity  +     B - +10 plate armour of Esaez {rF+ rC+}
rNeg   + + +     Conserve +     z - -2 large shield {reflect} (curse)
rPois  .         rCorr    +     F - -1 helmet (curse)
rElec  .         rRot     .     n - -3 cloak {rCorr, Cons} (curse)
SustAb . .       Spirit   .     C - +2 pair of gloves {Str+3} (curse)
rMut   .         Warding  .     (boots unavailable)
Saprov . . .     Stasis   .     v - cursed amulet "Doannavi" {+Rage Str+5 Dex+4}
                                w - cursed ring of regeneration
                                g - cursed ring "Owiliru" {Str+3 Int+3 Dam+3 SInv}

@: flying, quite resistant to hostile enchantments, extremely unstealthy
A: fire immunity, cold vulnerability, cold resistance 1, deformed body, life
protection 3
a: Scrying, Transfer Knowledge, Renounce Religion, Evoke Berserk Rage
}: 4/15 runes: decaying, serpentine, slimy, silver


You were on level 6 of the Pits of Slime.
You worshipped Ashenzari.
Ashenzari was extremely pleased with you.
You were not hungry.

You visited 9 branches of the dungeon, and saw 64 of its levels.
You visited 1 bazaar.
You also visited: Labyrinth.

You collected 7839 gold pieces.
You spent 2412 gold pieces at shops.

Inventory:

Hand weapons
 N - the cursed +13,+4 demon blade "Leech" (weapon) {vamp, rN+ EV-1 Str-1 Dex-1 Int-1}
   (You found it on level 7 of the Lair of Beasts)

   It inflicts no extra harm, but heals its wielder somewhat when it strikes a
   living foe.
   It affects your evasion (-1).
   It affects your strength (-1).
   It affects your intelligence (-1).
   It affects your dexterity (-1).
   It protects you from negative energy.
   It has a curse placed upon it.
 V - the +7,+8 demon blade "Bloodbane" {slice, *Rage +Rage Stlth-}
   (You took it off an ironheart preserver on level 5 of the Vaults)

   It inflicts extra damage upon your enemies.
   It lets you go berserk.
   It makes you angry.
   It makes you less stealthy.
 W - a +5,+1 eudemon blade of holy wrath
Armour
 n - a cursed -3 cloak of preservation (worn)
 y - a -1 cloak of poison resistance
 z - a cursed -2 large shield of reflection (worn)
 B - the cursed +10 plate armour of Esaez (worn) {rF+ rC+}
   (Okawaru gifted it to you on level 5 of the Snake Pit)

   It protects you from fire.
   It protects you from cold.
   It has a curse placed upon it.
 C - a cursed +2 pair of gloves of strength (worn)
 F - a cursed -1 helmet (worn)
Magical devices
 i - a wand of teleportation (6)
 m - a wand of teleportation (1)
 q - a wand of teleportation (8)
 u - a wand of heal wounds (0)
 E - a wand of heal wounds (3)
 J - a wand of digging (11)
 X - a wand of disintegration (1)
Comestibles
 l - an apple
Scrolls
 c - a scroll of summoning
 d - 6 scrolls of identify
 f - a scroll of curse armour
 r - 4 scrolls of curse weapon
 s - 6 scrolls of teleportation
 G - a scroll of amnesia
 K - 3 scrolls of curse jewellery
 R - a scroll of magic mapping
 U - 3 scrolls of fear
Jewellery
 e - an uncursed ring of protection from cold
 g - the cursed ring "Owiliru" (left hand) {Str+3 Int+3 Dam+3 SInv}
   (You acquired it on level 18 of the Dungeon)

   [ring of see invisible]

   It affects your strength (+3).
   It affects your intelligence (+3).
   It affects your damage-dealing abilities (+3).
   It has a curse placed upon it.
 v - the cursed amulet "Doannavi" (around neck) {+Rage Str+5 Dex+4}
   (You found it on level 3 of the Elven Halls)

   [amulet of rage]

   It affects your strength (+5).
   It affects your dexterity (+4).
   It has a curse placed upon it.
 w - a cursed ring of regeneration (right hand)
 P - an uncursed ring of sustain abilities
 S - an uncursed ring of poison resistance
Potions
 a - a potion of heal wounds
 p - 2 potions of resistance
 D - 2 potions of might
 Q - 2 potions of restore abilities
Books
 j - the Guide on Burning Attacks
   (You found it on level 6 of the Pits of Slime)

   Spells                             Type                      Level
   Magic Dart                         Conjuration                  1
   Fire Brand                         Charms/Fire                  2
   Static Discharge                   Conjuration/Air              3
   Sticky Flame                       Conjuration/Fire             4
   Force Lance                        Conjuration                  5
Miscellaneous
 h - a lantern of shadows
 k - a stone of tremors
 A - a phial of floods
 I - a lamp of fire
 Z - a fan of gales
Rods
 b - a cursed +8 rod of striking (9/9)
   (You took it off an ironheart preserver on level 5 of the Vaults)


   Skills:
 - Level 1.7 Fighting
   Level 5.7 Short Blades
 + Level 19.9(23.0) Long Blades
 - Level 3.7 Maces & Flails
   Level 9.7 Staves
 - Level 4.0 Throwing
 + Level 22.3(26.2) Armour
 - Level 0.8 Dodging
 + Level 19.7(21.6) Shields
 - Level 13.0 Spellcasting
 - Level 17.0(20.3) Charms
 - Level 8.7(12.6) Translocations
 - Level 11.0(14.7) Air Magic
 - Level 1.0(3.2) Poison Magic
   Level 5.7 Invocations
 * Level 7.4(11.4) Evocations


You had 22 spell levels left.
You knew the following spells:

 Your Spells              Type           Power        Failure   Level  Hunger
a - Shroud of Golubria    Chrm/Tloc      #######...   1%          2    None
b - Blink                 Tloc           N/A          1%          2    None
c - Swiftness             Chrm/Air       #######.     1%          2    None
d - Haste                 Chrm           #######.     1%          6    #####..
e - Flight                Chrm/Air       #######...   1%          3    None
f - Control Teleport      Chrm/Tloc      #######...   1%          4    None
g - Deflect Missiles      Chrm/Air       #######...   3%          6    #####..
h - Cure Poison           Pois           ####......   12%         2    None


Dungeon Overview and Level Annotations

Branches:
Dungeon (27/27)            Temple (1/1) D:5             Orc (4/4) D:8
    Elf (3/3) Orc:4          Lair (8/8) D:9           Swamp (5/5) Lair:4
  Snake (5/5) Lair:4        Slime (6/6) Lair:8       Vaults (5/5) D:18
  Blade (0/1) Vaults:3      Crypt (0/5) Vaults:2        Zot (0/5) D:27
 Depths: D:16

Altars:
Ashenzari
Cheibriados
Elyvilon
Fedhas
Kikubaaqudgha
Makhleb
Nemelex Xobeh
Okawaru
Sif Muna
Trog
Vehumet
Xom
Yredelemnul
Zin
the Shining One
Beogh
Jiyva

Shops:
D:5 /   D:10 *[   D:20 [   D:21 %   Orc:1 *   Orc:4 *=!!   Elf:2 =   Vaults:2 ?
Vaults:5 }

Portals:
Hell: D:21 D:22 D:23 D:24 D:25 D:26 D:27
Abyss: D:24 D:25 D:27
Pandemonium: D:21 D:24
Trove: D:25 (give 5 scrolls of blinking)

Annotations:
D:19 exclusion: Roxanne, Roxanne
D:20 Wiglaf


Innate Abilities, Weirdness & Mutations

You are immune to all types of fire, even holy and hellish.
You are vulnerable to cold.
You need no food.
You have no legs.
You are immune to negative energy.
Your flesh is cold resistant.
Armour fits poorly on your strangely shaped body.


Message History

Warning: Cannot find file "tiles_options.txt". (~/.crawlrc:346) Welcome back, Maniacuz the Djinni Skald.
Ashenzari says: Partake of my vision.
Partake of my curse.
Press ? for a list of commands and other information.
Unknown command.
Unknown command.
Unknown command.
Wear which item? (? for menu, Esc to quit)
Your cursed -3 cloak of preservation is stuck to your body!
Unknown command.
Unknown command.
Unknown command.
Use which ability? (? or * to list)
Okay, then.
Unknown command.
Unknown command.
l - an apple Cast which spell? (? or * to list)
Okay, then.
Are you sure you want to abandon this character and quit the game? (Confirm with "yes".)

.................................
.................................
................^................
.................................
.................................
.................................
...............#..#..#.#.........
..............#####.#####........
.............###@##..##)##.......
............##..(.##.#[.)###.....
...........###[?.##..##?:[##.....
..........###."...#.##.))|.##....
...........##).:(.#..##)}??###...
..........####?(#=.#.#)#.[###....
...........########..............
.............#...#....#...#......
..........##...#........#...#....


There were no monsters in sight!

Vanquished Creatures
  the royal jelly (Slime:6)
  Saint Roka (Vaults:1)
  Boris (Vaults:4)
  Sojobo (Vaults:2)
  Margery (Vaults:2)
  Mara (D:20)
  Mennas (D:21)
  2 golden dragons
  2 bone dragons
  Xtahua (Vaults:2)
  Frederick (D:20)
  Nikola (D:21)
  2 liches
  2 tentacled monstrosities (Vaults:5)
  2 deep elf blademasters
  2 titans
  A deep elf master archer (Elf:3)
  2 sphinxes
  3 storm dragons
  A quicksilver dragon (Vaults:5)
  27 acid blobs
  7 shadow dragons
  Rupert (D:18)
  Agnes (Swamp:3)
  Frances (D:21)
  Kirke (Elf:2)
  An ancient champion (Vaults:2)
  A draconian knight (D:27)
  A player illusion (D:20)
  9 tengu reavers
  13 azure jellies
  9 fire giants
  5 deep elf sorcerers
  Donald (Orc:3)
  Maud (Elf:1)
  11 frost giants
  Aizul (Elf:3)
  2 draconian zealots (D:27)
  2 angels (D:23)
  12 vault wardens
  An orc warlord (Vaults:3)
  Jorgrun (Vaults:1)
  4 greater nagas (Snake:5)
  46 stone giants
  4 grey draconians (D:27)
  A draconian caller (D:27)
  The ghost of Surr the Carver, a powerful DsSu of Xom (D:15)
  8 deep elf demonologists (Elf:3)
  A mottled draconian (D:27)
  2 white draconians (D:27)
  A black draconian (D:27)
  12 deep elf annihilators
  2 green deaths
  15 ettins
  A spriggan air mage (D:21)
  20 death oozes
  Snorg (Elf:2)
  3 deep elf death magi (Elf:3)
  28 vault guards
  11 ironheart preservers
  2 fire dragons (shapeshifter)
  A siren (shapeshifter) (Elf:2)
  2 deep elf high priests (Elf:3)
  44 yaktaur captains
  8 fire dragons
  2 dancing weapons (Vaults:3)
  A jiangshi (Vaults:2)
  Fannar (Elf:1)
  A great orb of eyes (shapeshifter) (Vaults:2)
  2 ravenous feature mimics
  4 great orbs of eyes
  Josephine (D:16)
  3 ice dragons
  Nessos (D:16)
  15 hydras
  5 statues (D:21)
  Erica (D:12)
  7 alligators
  7 deep troll shamans
  13 death yaks
  6 deep troll earth magi
  9 anacondas
  2 anacondas (shapeshifter) (Vaults:5)
  An elf (shapeshifter) (Vaults:5)
  3 storm dragon zombies
  A minotaur (Lab)
  6 very ugly things
  Urug (D:16)
  24 ogre magi
  6 orc high priests
  36 centaur warriors
  14 naga warriors
  A fire crab (Vaults:1)
  A soul eater (D:22)
  3 catoblepae (Lair:8)
  Nergalle (D:14)
  15 deep elf knights
  A shadow wraith (D:22)
  4 sun demons
  A hell beast (Vaults:5)
  4 hell knights
  2 water nymphs (shapeshifter)
  9 skeletal warriors
  A shadow demon (Elf:3)
  A deep troll (shapeshifter) (D:26)
  Erolcha (Orc:1)
  A storm dragon skeleton (D:22)
  14 deep trolls
  10 wizards
  18 hill giants
  A hill giant (shapeshifter) (D:26)
  3 unseen horrors
  A large abomination (D:22)
  3 iron trolls
  18 ironbrand convokers
  A flayed ghost (D:24)
  2 ice devils
  9 swamp dragons
  3 giant orange brains
  14 giant amoebae
  An unseen horror (shapeshifter) (D:20)
  A wolf spider zombie (D:15)
  Pikel (D:9)
  A sphinx zombie (Vaults:1)
  32 orc knights
  A harpy (shapeshifter) (D:23)
  3 necromancers (Vaults:2)
  22 deep elf conjurers
  6 wolf spiders
  A fire giant zombie (D:21)
  9 harpies
  13 griffons
  A frost giant zombie (Vaults:2)
  11 red wasps
  A shadow dragon skeleton (D:24)
  2 red wasps (shapeshifter)
  A flaming corpse (Vaults:2)
  6 phantasmal warriors
  3 stone giant zombies
  9 orc sorcerers
  A hellion (Vaults:5)
  2 shining eyes (Slime:6)
  3 spiny worms
  14 vault sentinels
  A cyclops (shapeshifter) (D:22)
  3 frost giant skeletons
  18 cyclopes
  A guardian serpent (D:16)
  Maurice (Orc:1)
  4 fire giant skeletons
  11 stone giant skeletons
  An eye of devastation (Slime:2)
  A tormentor (Elf:3)
  The ghost of Mandevil the Cudgeler, an experienced OgVM (D:4)
  8 deep elf summoners
  2 feature mimics (Orc:4)
  An eye of devastation (shapeshifter) (Vaults:4)
  3 orange demons
  20 spiny frogs
  3 smoke demons
  A mermaid (shapeshifter) (D:17)
  85 yaktaurs
  A yaktaur (shapeshifter) (D:23)
  9 komodo dragons
  A hellwing (Vaults:5)
  2 demonic crawlers (Elf:3)
  3 komodo dragons (shapeshifter)
  4 fire drakes
  A queen bee (shapeshifter) (D:16)
  A red devil (D:24)
  37 two-headed ogres
  4 iron devils
  A giant leech (shapeshifter) (D:26)
  An iron troll skeleton (D:17)
  14 naga magi
  2 wind drakes (D:27)
  5 deep elf priests
  8 giant leeches
  A fire drake (shapeshifter) (D:21)
  33 black mambas
  4 fire vortices (D:21)
  3 hydra zombies
  3 blue devils
  A red wasp zombie (D:19)
  2 ravens
  5 boulder beetles
  2 trolls (shapeshifter)
  5 jumping spiders
  18 bog bodies
  16 blink frogs
  A griffon zombie (D:17)
  A wolf spider simulacrum (D:19)
  An ettin zombie (Vaults:3)
  2 stone giant simulacra
  107 slime creatures
  A grizzly bear (shapeshifter) (Elf:1)
  A trapdoor spider (shapeshifter) (D:18)
  A blink frog (shapeshifter) (Vaults:4)
  6 tarantellas
  81 yaks
  3 ettin skeletons
  2 vampires
  6 brown oozes
  16 redbacks
  2 wraiths
  A grizzly bear (Lair:5)
  2 ice dragon skeletons (D:17)
  5 air elementals (Vaults:2)
  6 shadows
  2 hill giant zombies (D:16)
  2 trapdoor spiders
  30 deep elf magi
  2 hogs (Elf:2)
  A spiny worm zombie (Vaults:1)
  12 hippogriffs
  A hungry ghost (D:8)
  2 ynoxinuls
  10 golden eyes
  5 chaos spawn
  4 griffon skeletons
  10 basilisks
  A neqoxec (D:17)
  98 ugly things
  39 vampire mosquitoes
  A merfolk (shapeshifter) (D:22)
  9 wolves
  A wolf (shapeshifter) (Vaults:5)
  A hill giant skeleton (D:16)
  5 wyverns
  31 deep elf fighters
  2 deep troll zombies (D:22)
  3 baby alligators
  57 swamp worms
  5 mottled dragons
  Menkaure (D:4)
  A necrophage (D:10)
  3 removed MONS_ROCK_WORMs
  An agate snail zombie (D:15)
  21 trolls
  2 soldier ants
  74 orc warriors
  6 manticores
  2 ogre zombies
  2 slaves (D:9)
  20 swamp drakes
  12 freezing wraiths
  A black bear (D:6)
  A deep troll skeleton (Vaults:4)
  2 sky beasts
  5 ice beasts
  4 phantoms
  89 nagas
  2 kobold demonologists
  A small abomination (D:22)
  94 ogres
  2 yellow wasps
  2 boring beetles (shapeshifter)
  23 centaurs
  6 rotting devils
  An elephant slug (Lair:3)
  10 wargs
  3 big kobolds
  16 giant slugs
  11 crocodiles
  A draconian (shapeshifter) (D:21)
  A giant slug (shapeshifter) (Vaults:5)
  A human zombie (Vaults:4)
  2 brain worms (D:17)
  3 yaktaur zombies
  26 giant frogs
  Blork the orc (D:8)
  A deep troll simulacrum (Vaults:2)
  2 silver statues
  A spiny worm simulacrum (Vaults:1)
  A cyclops zombie (D:12)
  5 gnoll sergeants (D:5)
  17 humans
  11 agate snails
  A cyclops skeleton (D:17)
  6 insubstantial wisps (Swamp:1)
  2 yaktaur skeletons
  10 porcupines
  A boulder beetle zombie (D:21)
  6 eyes of draining
  A troll zombie (D:15)
  7 killer bees
  A removed MONS_ROCK_WORM zombie (D:18)
  A troll skeleton (D:12)
  A hippogriff skeleton (D:12)
  3 electric eels (Swamp:3)
  A quasit (D:12)
  13 crimson imps
  A giant frog zombie (D:7)
  10 goliath beetles
  A gnoll shaman (D:5)
  2 two-headed ogre zombies (D:23)
  A basilisk zombie (D:15)
  14 hounds
  14 jellies
  A giant slug simulacrum (D:16)
  An iron imp (Elf:3)
  A centaur skeleton (D:7)
  12 iguanas
  48 water moccasins
  A cyclops simulacrum (D:14)
  36 orc priests
  44 orc wizards
  10 worker ants
  A shapeshifter simulacrum (D:18)
  11 orange rats
  10 jellyfish
  4 scorpions
  13 giant goldfish
  3 mottled dragon zombies
  2 big fish (Lair:2)
  16 boggarts
  A mottled dragon skeleton (D:9)
  A mummy (D:10)
  A hound skeleton (D:8)
  45 adders
  16 gnolls (D:5)
  2 giant mites
  2 lemures
  3 shadow imps
  4 giant centipedes
  44 green rats
  An inept feature mimic (D:4)
  A white imp (D:21)
  21 sheep
  8 worms
  12 ufetubi
  2 iguana zombies
  An adder skeleton (D:5)
  6 giant eyeballs
  4 giant geckos
  6 oozes
  273 orcs
  17 bats
  A bat skeleton (D:3)
  A bat zombie (D:6)
  23 hobgoblins
  28 jackals
  13 quokkas
  5 ball pythons
  A ball python skeleton (D:4)
  A bat (shapeshifter) (D:19)
  7 giant cockroaches
  9 giant newts
  A giant spore (D:8)
  A gnoll skeleton (D:4)
  25 goblins
  A hobgoblin skeleton (D:5)
  A jackal skeleton (D:5)
  22 kobolds
  An orc skeleton (D:8)
  23 rats
  4 spectral orcs
  14 ballistomycetes
3203 creatures vanquished.

Vanquished Creatures (collateral kills)
  An adder (D:5)
  A jackal (D:5)
  A hobgoblin zombie (D:5)
3 creatures vanquished.

Vanquished Creatures (others)
  2 tengu reavers
  A vault guard (Vaults:2)
  A deep elf high priest (Elf:3)
  An ironheart preserver (Vaults:5)
  3 statues (D:21)
  A swamp dragon (Swamp:5)
  A demonic crawler (D:22)
  A komodo dragon (D:27)
  A slime creature (Swamp:5)
  An ugly thing (Elf:2)
  A water elemental (D:21)
  A fire elemental (Vaults:2)
  2 deep elf fighters
  3 orc warriors
  3 ogres
  A warg (Elf:2)
  An earth elemental (D:21)
  A two-headed ogre zombie (Vaults:2)
  An orc wizard (Vaults:3)
  2 orange rats (Elf:3)
  2 humans (Elf:2)
  A jackal (D:8)
  2 giant spores
  3 ballistomycetes (D:7)
  6 fungi
  2 plants (Lair:7)
45 creatures vanquished.

Grand Total: 3251 creatures vanquished

Notes
Turn   | Place    | Note
--------------------------------------------------------------
     0 | D:1      | Maniacuz, the Djinni Skald, began the quest for the Orb.
     0 | D:1      | Reached XP level 1. HP: 16/16 MP: 0/0
   166 | D:1      | Reached XP level 2. EP: 21/23
   325 | D:1      | Reached skill level 1 in Throwing
   790 | D:2      | Reached skill level 1 in Short Blades
   790 | D:2      | Reached XP level 3. EP: 29/29
  1540 | D:2      | Reached XP level 4. EP: 24/36
  2207 | D:3      | Noticed an ice beast
  2378 | D:3      | Reached XP level 5. EP: 44/44
  3131 | D:4      | Noticed an ogre
  3136 | D:4      | Killed an ogre
  3136 | D:4      | Reached skill level 4 in Armour
  3136 | D:4      | Reached XP level 6. EP: 48/50
  3160 | D:4      | Noticed Mandevil's ghost (experienced OgVM)
  3169 | D:5      | Entered Level 5 of the Dungeon
  3611 | D:5      | Reached skill level 1 in Shields
  3990 | D:6      | Reached XP level 7. EP: 57/57
  4137 | D:6      | Reached skill level 5 in Armour
  4799 | D:6      | Reached XP level 8. EP: 63/63
  4847 | D:5      | Found a staircase to the Ecumenical Temple.
  4944 | D:5      | Paralysed by a giant eyeball for 2 turns
  4961 | Temple   | Entered the Ecumenical Temple
  5021 | Temple   | Became a worshipper of Warmaster Okawaru
  5072 | D:5      | Reached skill level 6 in Armour
  5243 | D:5      | Identified a scroll of acquirement
  5463 | D:5      | Found Chuaxiomn's Magical Wand Shop.
  5803 | D:5      | Paralysed by a potion of paralysis for 2 turns
  6030 | D:5      | Acquired Okawaru's first power
  6161 | D:5      | Reached skill level 5 in Short Blades
  6190 | D:5      | Noticed a wolf
  6217 | D:5      | Reached skill level 7 in Armour
  6247 | D:5      | Killed a wolf
  6424 | D:5      | Gained mutation: Your body is slowly deteriorating. [potion of mutation]
  6424 | D:5      | Gained mutation: Your body is deteriorating. [potion of mutation]
  6424 | D:5      | Gained mutation: Armour fits poorly on your strangely shaped body. [potion of mutation]
  6621 | D:4      | Killed Mandevil's ghost
  6621 | D:4      | Reached skill level 5 in Shields
  6621 | D:4      | Reached XP level 9. EP: 60/70
  6914 | D:4      | Noticed Menkaure
  7409 | D:4      | Killed Menkaure
  7905 | D:7      | Found a basalt altar of Yredelemnul.
  7905 | D:7      | Found a sparkling altar of Nemelex Xobeh.
  8034 | D:7      | Reached skill level 1 in Maces & Flails
  8034 | D:7      | Reached skill level 8 in Armour
  8309 | D:7      | Paralysed by a giant eyeball for 2 turns
  8965 | D:8      | Found a staircase to the Orcish Mines.
  8975 | D:8      | Reached skill level 9 in Armour
  8990 | D:8      | Noticed Blork the orc
  9000 | D:8      | Killed Blork the orc
  9158 | D:8      | Got an ichor-stained quarterstaff
  9166 | D:8      | Identified the quarterstaff "Shepomoemn" {speed, Dex+3 SInv} (You found it on level 8 of the Dungeon)
  9220 | D:8      | Reached skill level 1 in Staves
  9220 | D:8      | Reached XP level 10. EP: 78/78
  9856 | D:9      | Reached skill level 10 in Armour
  9872 | D:9      | Reached skill level 5 in Staves
  9877 | D:9      | Found a staircase to the Lair.
 10117 | D:9      | Noticed Pikel
 10124 | D:10     | Entered Level 10 of the Dungeon
 10124 | D:10     | Noticed a hill giant
 10350 | D:9      | Killed Pikel
 10939 | Lair:1   | Entered Level 1 of the Lair of Beasts
 10981 | Lair:1   | HP: 3/78 [komodo dragon (14)]
 10982 | Lair:1   | Acquired Okawaru's second power
 11257 | Lair:1   | Reached skill level 11 in Armour
 11819 | Lair:1   | Reached XP level 11. EP: 82/82
 12251 | Lair:1   | Received a gift from Okawaru
 12511 | Orc:1    | Entered Level 1 of the Orcish Mines
 12511 | Orc:1    | Noticed Maurice
 12528 | Orc:1    | Killed Maurice
 12651 | Orc:1    | Found Xeriass' General Store.
 12801 | Orc:1    | Reached skill level 12 in Armour
 12875 | D:8      | Reached skill level 1 in Invocations
 13298 | Orc:1    | Noticed Erolcha
 13330 | Orc:1    | Killed Erolcha
 13688 | Orc:1    | Received a gift from Okawaru
 16258 | Orc:3    | Noticed an orc high priest
 16638 | Orc:3    | Killed an orc high priest
 16641 | Orc:3    | Reached skill level 10 in Staves
 16668 | Orc:3    | Received a gift from Okawaru
 16978 | Orc:3    | Noticed Donald
 17026 | Orc:3    | Killed Donald
 17026 | Orc:3    | Reached skill level 13 in Armour
 17026 | Orc:3    | Reached skill level 5 in Invocations
 17026 | Orc:3    | Reached XP level 12. EP: 27/91
 17331 | Orc:3    | Found a burning altar of Makhleb.
 18329 | Orc:4    | Entered Level 4 of the Orcish Mines
 18442 | Orc:4    | Noticed a stone giant
 19077 | Orc:4    | Found a staircase to the Elven Halls.
 19834 | Orc:4    | Found Vehun's Distillery.
 19889 | Orc:4    | Noticed an ettin
 20530 | Lair:2   | Found a labyrinth entrance.
 20541 | Lab      | Entered a labyrinth
 21345 | Lab      | Noticed a minotaur
 21372 | Lab      | Killed a minotaur
 21376 | Lab      | Identified a +0 rod of fiery destruction (0/10) (You took it off a minotaur in a labyrinth)
 21385 | Lab      | Got a warped wooden ring
 21579 | Lab      | Identified the ring of Ymao {Regen rF++} (You found it in a labyrinth)
 21660 | Lair:2   | Reached skill level 5 in Long Blades
 22079 | Lair:2   | Got a flickering bone ring
 22082 | Lair:2   | Identified the ring "Yfupt" {rF++ rN+} (You found it on level 2 of the Lair of Beasts)
 22383 | Lair:2   | Noticed an eight-headed hydra
 23899 | Lair:4   | Noticed a six-headed hydra
 23983 | Lair:4   | Found a staircase to the Snake Pit.
 24313 | Lair:4   | Killed a six-headed hydra
 24337 | Lair:4   | Found a staircase to the Swamp.
 24364 | Lair:4   | Noticed an eight-headed hydra
 24405 | Lair:4   | Killed an eight-headed hydra
 24756 | Lair:4   | Received a gift from Okawaru
 24757 | Lair:4   | Got an ancient long sword {god gift}
 24761 | Lair:3   | Identified the long sword of Kligauny {god gift, flame, SInv} (Okawaru gifted it to you on level 4 of the Lair of Beasts)
 25428 | Lair:4   | Reached skill level 14 in Armour
 25756 | Lair:5   | Received a gift from Okawaru
 25831 | Lair:5   | Reached XP level 13. EP: 89/98
 25894 | Lair:5   | Got a steaming scale mail
 25907 | Lair:5   | Identified a -2 rod of warding (12/12) (You found it on level 5 of the Lair of Beasts)
 25926 | Lair:5   | Identified the cursed +1 scale mail "Cinuo" {rC+ Int-1} (You found it on level 5 of the Lair of Beasts)
 26078 | Lair:5   | HP: 3/98 [blink frog (10)]
 26377 | Lair:4   | Upgraded the game from 0.13-a0-2776-g5b28ffd to 0.13-a0-2816-gd8154f0
 27388 | Lair:6   | Received a gift from Okawaru
 28862 | Lair:7   | Reached skill level 10 in Shields
 29164 | Lair:8   | Entered Level 8 of the Lair of Beasts
 29436 | Lair:8   | Reached skill level 15 in Armour
 29449 | Lair:8   | Received a gift from Okawaru
 29450 | Lair:8   | Got a faintly glowing ring mail {god gift}
 29471 | Lair:8   | Identified the +1 ring mail of the Nightingale {Int-4} (Okawaru gifted it to you on level 8 of the Lair of Beasts)
 29513 | Lair:8   | Found a staircase to the Slime Pits.
 30182 | Lair:8   | Reached skill level 10 in Long Blades
 30245 | Lair:8   | Reached XP level 14. EP: 105/105
 30453 | Lair:8   | Received a gift from Okawaru
 31072 | Orc:3    | Killed a stone giant
 31294 | Orc:3    | Killed an ettin
 31460 | Orc:4    | Found a roughly hewn altar of Beogh.
 31587 | Orc:4    | Found Dosat's General Store.
 31761 | Orc:4    | Noticed an ettin
 31787 | Orc:4    | Killed an ettin
 31787 | Orc:4    | Reached skill level 16 in Armour
 31905 | Orc:4    | Found Plog's Distillery.
 31914 | Orc:4    | Found Kijiarghuph's Jewellery Boutique.
 31935 | Orc:4    | Received a gift from Okawaru
 32010 | Orc:4    | Bought a potion of cure mutation for 595 gold pieces
 32011 | Orc:4    | Lost mutation: Your body is deteriorating. [potion of cure mutation]
 32011 | Orc:4    | Lost mutation: Your body is slowly deteriorating. [potion of cure mutation]
 32011 | Orc:4    | Lost mutation: Armour fits poorly on your strangely shaped body. [potion of cure mutation]
 32032 | Orc:4    | Bought a potion of heal wounds for 51 gold pieces
 32032 | Orc:4    | Bought a potion of heal wounds for 51 gold pieces
 32045 | Orc:4    | Bought a potion of restore abilities for 51 gold pieces
 32046 | Orc:4    | Bought a potion of restore abilities for 51 gold pieces
 32054 | Orc:4    | Bought a scroll of recharging for 77 gold pieces
 32265 | D:10     | Killed a hill giant
 32386 | D:10     | Found Twiotr Imiju's Antique Armour Shop.
 32900 | D:10     | Found Pnaraffaire's Assorted Antiques.
 32903 | D:10     | Bought a scroll of blinking for 170 gold pieces
 32903 | D:10     | Bought a potion of mutation for 93 gold pieces
 32903 | D:10     | Bought a scroll labeled ATOXEU MEESI for 31 gold pieces
 32905 | D:10     | Gained mutation: You are resistant to hostile enchantments. [potion of mutation]
 32905 | D:10     | Gained mutation: Armour fits poorly on your strangely shaped body. [potion of mutation]
 32905 | D:10     | Gained mutation: You are somewhat resistant to further mutation. [potion of mutation]
 33105 | D:11     | Got a sparkling steel amulet
 33106 | D:11     | Identified the amulet of Gaimef {rMut Str+3 Int-4} (You acquired it on level 11 of the Dungeon)
 33673 | D:12     | Noticed Erica
 33683 | D:12     | Killed Erica
 34650 | D:12     | Learned a level 2 spell: Shroud of Golubria
 34826 | D:13     | Received a gift from Okawaru
 34880 | D:13     | Got a crude falchion {god gift}
 34882 | D:13     | Identified the falchion "Loing" {god gift, flame, rN+ SInv} (Okawaru gifted it to you on level 13 of the Dungeon)
 35094 | D:13     | Reached skill level 1 in Translocations
 35386 | D:14     | Entered Level 14 of the Dungeon
 35431 | D:13     | Reached XP level 15. EP: 105/111
 35902 | D:14     | Found a basalt altar of Yredelemnul.
 36090 | D:14     | Received a gift from Okawaru
 36709 | D:15     | Entered Level 15 of the Dungeon
 36709 | D:15     | Noticed Surr's ghost (powerful DsSu)
 37369 | D:15     | Noticed Nergalle
 37605 | D:14     | Killed Nergalle
 37937 | D:16     | Reached skill level 5 in Spellcasting
 38489 | D:15     | Killed Surr's ghost
 38831 | D:16     | Noticed Nessos
 38835 | D:16     | Noticed Josephine
 38856 | D:16     | Killed Josephine
 38884 | D:16     | Killed Nessos
 38994 | D:16     | Noticed Urug
 39107 | D:16     | Killed Urug
 39271 | D:16     | Received a gift from Okawaru
 39496 | D:16     | Found a glowing silver altar of Zin.
 39806 | Swamp:1  | Entered Level 1 of the Swamp
 39810 | Swamp:1  | Paralysed by a red wasp for 3 turns
 39823 | Swamp:1  | Paralysed by a red wasp for 1 turns
 40421 | Swamp:1  | Reached skill level 17 in Armour
 40488 | Swamp:1  | Paralysed by a red wasp for 1 turns
 40489 | Swamp:1  | Paralysed by a red wasp for 1 turns
 40492 | Swamp:1  | Paralysed by a red wasp for 1 turns
 40498 | Swamp:1  | Paralysed by a red wasp for 2 turns
 40909 | Swamp:1  | Reached skill level 5 in Charms
 42451 | D:10     | Bought a runed dwarven plate armour for 800 gold pieces
 42695 | Snake:1  | Entered Level 1 of the Snake Pit
 42879 | Snake:1  | Found a shattered altar of Ashenzari.
 43139 | Snake:1  | Received a gift from Okawaru
 43140 | Snake:1  | Got a warped shield {god gift}
 43152 | Snake:1  | Identified the -2 shield of the Loofah {Str+3 Int+2} (Okawaru gifted it to you on level 1 of the Snake Pit)
 43507 | Snake:2  | Lost mutation: Armour fits poorly on your strangely shaped body. [potion of mutation]
 43920 | Snake:2  | Reached XP level 16. EP: 107/116
 45022 | Snake:3  | Got a pair of faintly humming gloves
 45026 | Snake:3  | Identified the +1 pair of gloves of Nemelex Xobeh's Hope {rC+ rN+} (You found it on level 3 of the Snake Pit)
 45448 | Snake:4  | Received a gift from Okawaru
 46013 | Snake:4  | Found a basalt altar of Yredelemnul.
 46296 | Snake:5  | Entered Level 5 of the Snake Pit
 46630 | Snake:5  | Received a gift from Okawaru
 47520 | Snake:5  | Reached skill level 5 in Translocations
 47684 | Snake:5  | Received a gift from Okawaru
 47700 | Snake:5  | Got a faintly glowing plate armour {god gift}
 47733 | Snake:5  | Identified the +10 plate armour of Esaez {rF+ rC+} (Okawaru gifted it to you on level 5 of the Snake Pit)
 47796 | Snake:5  | Reached skill level 18 in Armour
 48001 | Snake:5  | Got a serpentine rune of Zot
 49496 | Swamp:3  | Noticed Agnes
 49555 | Swamp:3  | Killed Agnes
 50514 | Swamp:4  | Reached XP level 17. EP: 123/123
 50583 | Swamp:4  | Received a gift from Okawaru
 51262 | Swamp:5  | Entered Level 5 of the Swamp
 51872 | Swamp:5  | Got a decaying rune of Zot
 52528 | Swamp:3  | Reached skill level 15 in Long Blades
 53002 | D:17     | Received a gift from Okawaru
 53003 | D:17     | Got an ichor-stained short sword {god gift}
 53004 | D:17     | Identified the short sword of Fiuwenaecw {god gift, elec, *Tele Int+3} (Okawaru gifted it to you on level 17 of the Dungeon)
 53510 | D:17     | Received a gift from Okawaru
 54616 | D:17     | Noticed a golden dragon
 54686 | D:17     | Killed a golden dragon
 54956 | D:17     | Noticed a bone dragon
 55853 | D:17     | Identified a +0 rod of inaccuracy (10/10) (You found it on level 17 of the Dungeon)
 56235 | D:17     | Received a gift from Okawaru
 56677 | Lair:1   | Learned a level 2 spell: Blink
 56680 | Lair:1   | Learned a level 2 spell: Swiftness
 57000 | D:17     | Reached XP level 18. EP: 120/130
 57118 | D:18     | Found a staircase to the Vaults.
 57118 | D:18     | Noticed Rupert
 57424 | D:18     | Reached skill level 19 in Armour
 58026 | D:18     | Reached skill level 1 in Air Magic
 58210 | D:18     | Got a sparkling ivory ring
 58213 | D:18     | Identified the ring "Owiliru" {Str+3 Int+3 Dam+3 SInv} (You acquired it on level 18 of the Dungeon)
 58749 | D:18     | Killed Rupert
 59151 | D:19     | Noticed Roxanne
 59184 | D:19     | Reached skill level 15 in Shields
 59675 | D:19     | Received a gift from Okawaru
 60349 | D:20     | Entered Level 20 of the Dungeon
 60427 | D:20     | Noticed Mara
 60468 | D:20     | Noticed Maniacuz's illusion
 60491 | D:20     | Killed Mara
 60538 | D:20     | Killed Maniacuz's illusion
 60582 | D:20     | Found Sugeatos' Armour Shoppe.
 61192 | D:20     | Noticed Frederick
 61224 | D:20     | Killed Frederick
 61498 | D:20     | Received a gift from Okawaru
 61723 | D:21     | Found Cesonn's Food Emporium.
 61838 | D:21     | Noticed Wiglaf
 62181 | D:21     | Found a gateway to Hell.
 62237 | D:21     | Noticed Mennas
 62590 | D:22     | Paralysed by a red wasp for 3 turns
 62931 | D:22     | Reached XP level 19. EP: 138/138
 64331 | Orc:4    | Bought an uncursed amulet of conservation for 400 gold pieces
 64674 | Snake:1  | Fell from the grace of Okawaru
 64674 | Snake:1  | Became a worshipper of Ashenzari the Shackled
 64908 | Elf:1    | Entered Level 1 of the Elven Halls
 65334 | Elf:1    | Noticed Fannar
 65367 | Elf:1    | Killed Fannar
 65554 | Elf:1    | Reached skill level 10 in Spellcasting
 65694 | Elf:1    | Got an uncursed vibrating pewter ring
 65698 | Elf:1    | Identified the ring "Afeklot" {Hunger rF+} (You found it on level 1 of the Elven Halls)
 65723 | Elf:1    | Noticed Maud
 65753 | Elf:1    | Killed Maud
 66206 | Elf:2    | Noticed Kirke
 66228 | Elf:2    | Killed Kirke
 66273 | Elf:2    | Noticed Snorg
 66285 | Elf:2    | Killed Snorg
 66558 | Elf:2    | Found Apefetho's Jewellery Emporium.
 67119 | Elf:2    | Identified the +1 pair of gloves "Smumni Sure" {rC+}
 67133 | Elf:2    | Reached skill level 5 in Air Magic
 67229 | Elf:3    | Entered Level 3 of the Elven Halls
 68581 | Elf:3    | Reached skill level 20 in Armour
 69312 | Elf:3    | Noticed Aizul
 69352 | Elf:3    | Killed Aizul
 71417 | Elf:3    | HP: 6/138 [deep elf annihilator/crystal spear (31)]
 72452 | Elf:3    | Noticed a Brimstone Fiend
 73147 | Elf:2    | Reached XP level 20. EP: 142/144
 73154 | Elf:2    | Gained mutation: You are agile. (Dex +2) [mutagenic meat]
 73230 | Elf:3    | Gained mutation: You are dopey. (Int -2) [a cacodemon]
 73568 | Elf:3    | Identified the amulet "Doannavi" {+Rage Str+5 Dex+4}
 73572 | Elf:3    | Got an uncursed slimy steel ring
 73625 | Elf:3    | Learned a level 6 spell: Haste
 73644 | Elf:3    | Identified the Compendium of Ignition and Contamination (You found it on level 3 of the Elven Halls)
 74640 | Vaults:1 | Entered Level 1 of the Vaults
 74744 | Vaults:1 | Noticed Jorgrun
 74796 | Vaults:1 | Killed Jorgrun
 74814 | Vaults:1 | Reached skill level 10 in Charms
 74821 | Vaults:1 | Noticed Saint Roka
 75371 | Vaults:1 | Killed Saint Roka
 76598 | Vaults:2 | Noticed Sojobo
 76917 | Vaults:2 | Acquired Ashenzari's first power
 76917 | Vaults:2 | Identified the ring "Brarph" {Contam rF+ Dex+1} (You found it on level 3 of the Elven Halls)
 77142 | Vaults:2 | Found a staircase to the Crypt.
 77284 | Vaults:2 | Noticed Margery
 77665 | Vaults:2 | Killed Margery
 77755 | Vaults:2 | Identified the cursed -4,-3 falchion of Eternal Vigilance {slice, +Rage SInv}
 77755 | Vaults:2 | Identified the cursed -2,-4 hand axe of Inug {drain, Str-2} (You took it off an orc on level 1 of the Elven Halls)
 77755 | Vaults:2 | Identified the cursed -1,+0 bow of the Dungeon {frost, rN+ SInv} (You found it on level 3 of the Elven Halls)
 77755 | Vaults:2 | Identified the cursed -3,-3 war axe "Gidorph" {chop, +Fly rC+} (You found it on level 3 of the Elven Halls)
 77755 | Vaults:2 | Identified the cursed -1,+0 crossbow of the Fray {velocity, rElec Str+4} (You found it on level 3 of the Elven Halls)
 77791 | Vaults:2 | Noticed Xtahua
 77806 | Vaults:2 | Killed Xtahua
 78263 | Vaults:2 | Paralysed by a great orb of eyes for 7 turns
 78336 | Vaults:2 | Killed Sojobo
 78827 | Vaults:2 | Found Anaudghuu's Magic Scroll Boutique.
 78858 | Vaults:2 | Bought a scroll of remove curse for 42 gold pieces
 79548 | Vaults:3 | Reached XP level 21. EP: 81/151
 79901 | Vaults:3 | Found a staircase to the Hall of Blades.
 80252 | Vaults:3 | Identified the Collected Works on Cankerous Dark Arts
 81432 | Vaults:4 | Noticed Boris
 81454 | Vaults:4 | Found a gateway to a bazaar.
 81480 | Vaults:4 | Killed Boris
 81488 | Bazaar   | Entered a bazaar
 81488 | Bazaar   | Acquired Ashenzari's second power
 81508 | Bazaar   | Found Bojunkay's Food Boutique.
 81528 | Bazaar   | Found Arutti Luank's Jewellery Shop.
 81542 | Bazaar   | Found Klyozxy's Food Boutique.
 81570 | Bazaar   | Found Klerossie's Food Boutique.
 82616 | Vaults:5 | Entered Level 5 of the Vaults
 82867 | Vaults:4 | Reached skill level 15 in Charms
 84299 | Vaults:4 | Reached XP level 22. EP: 68/156
 85211 | Vaults:5 | Acquired Ashenzari's third power
 85319 | Vaults:5 | Got a silver rune of Zot
 85658 | Vaults:5 | Identified a cursed +8 rod of striking (9/9) (You took it off an ironheart preserver on level 5 of the Vaults)
 87093 | Vaults:5 | Identified a rod of warding (You took it off an ironheart preserver on level 5 of the Vaults)
 87790 | Lair:1   | Learned a level 3 spell: Flight
 87795 | Lair:1   | Learned a level 4 spell: Control Teleport
 87802 | Lair:1   | Learned a level 6 spell: Deflect Missiles
 88836 | Vaults:5 | Identified a +5 rod of frigid destruction (11/11) (You took it off a vault guard on level 5 of the Vaults)
 89272 | Vaults:5 | Identified the +8 chain mail "Zige" {Stlth}
 89275 | Vaults:5 | Identified the -1,+1 flail of Gackiwk {elec, Str-1 Int+1}
 89282 | Vaults:5 | Identified the cursed -5,-2 bardiche of Demonkind {slay drac, Dex+2}
 89283 | Vaults:5 | Found Gafaf's Gadget Boutique.
 89366 | Vaults:5 | Identified the Volume of Blows and Bruises (You found it on level 5 of the Vaults)
 89400 | Vaults:5 | Upgraded the game from 0.13-a0-2816-gd8154f0 to 0.13-a0-2859-gb62c5ab
 91069 | D:21     | Killed Mennas
 91141 | D:21     | Reached skill level 10 in Air Magic
 91433 | D:21     | Noticed Frances
 91458 | D:21     | Killed Frances
 91490 | D:21     | Found a radiant altar of Vehumet.
 91490 | D:21     | Noticed Nikola
 91917 | D:21     | Identified a rod of destruction (You took it off a deep elf conjurer on level 21 of the Dungeon)
 92003 | D:21     | Found a one-way gate leading to the halls of Pandemonium.
 92136 | D:21     | Killed Nikola
 92136 | D:21     | Reached XP level 23. EP: 125/162
 92582 | D:21     | Identified the Incunabulum of the Glacier
 92948 | D:22     | Identified the cursed -4,-3 falchion of Eternal Vigilance {slice, +Rage SInv}
 93487 | D:22     | Identified the +1 pair of gloves "Smumni Sure" {rC+}
 94210 | D:23     | Identified the cursed +1 ring mail of Piugaqol {+Rage Int+1}
 94308 | D:23     | Acquired Ashenzari's fourth power
 94331 | D:23     | Reached skill level 21 in Armour
 94534 | D:23     | Identified the ring of the Ant {Ice Dex+2 Int+4}
 94534 | D:23     | Identified the cursed +8,+10 double sword "Trop" {slice, +Fly rC+ MR+ Int+4 SInv}
 94534 | D:23     | Identified the cursed +6 plate armour of Sin {Int+2}
 94780 | D:25     | Entered Level 25 of the Dungeon
 95068 | D:24     | Found a one-way gate to the infinite horrors of the Abyss.
 96401 | D:25     | Found a portal to a secret trove of treasure.
 96907 | D:25     | Found a burning altar of Makhleb.
 96939 | D:25     | Identified the cursed +2,-2 sabre of Superiority {freeze, rF+ Str+3 Int+4}
 97600 | D:25     | Was forgiven by Okawaru
 98882 | D:27     | Entered Level 27 of the Dungeon
 99244 | D:27     | Reached XP level 24. EP: 165/169
 99582 | D:27     | Identified a cloak of preservation (You took it off a grey draconian on level 27 of the Dungeon)
100728 | D:21     | Reached skill level 22 in Armour
101270 | Lair:1   | Learned a level 2 spell: Cure Poison
101280 | Lair:1   | Upgraded the game from 0.13-a0-2859-gb62c5ab to 0.13-a0-2899-gc7fce8a
101554 | Slime:1  | Entered Level 1 of the Pits of Slime
101625 | Slime:2  | Reached skill level 1 in Evocations
101637 | Slime:1  | Reached skill level 1 in Poison Magic
101683 | Slime:2  | Paralysed by a giant eyeball for 3 turns
101764 | Slime:2  | Paralysed by a giant eyeball for 2 turns
102457 | Slime:6  | Entered Level 6 of the Pits of Slime
102560 | Slime:6  | Found a viscous altar of Jiyva.
102561 | Slime:6  | Noticed the royal jelly
102575 | Slime:6  | Reached skill level 5 in Evocations
102575 | Slime:6  | Paralysed by a giant eyeball for 4 turns
102592 | Slime:6  | Paralysed by a giant eyeball for 2 turns
102628 | Slime:6  | Paralysed by a giant eyeball for 3 turns
102640 | Slime:6  | Paralysed by a giant eyeball for 4 turns
102648 | Slime:6  | Paralysed by a giant eyeball for 4 turns
103861 | Slime:6  | Killed the royal jelly
104943 | Slime:6  | Identified the cursed +3,+2 flail of the Orange Skies {drain, rN+}
104962 | Slime:6  | Identified the +4,+7 battleaxe of Strategic Superiority {drain, rF+ Str+4 Int-1}
104984 | Slime:6  | Identified the +6,+5 longbow "Baorom" {venom, +Fly rF+ rC+ Dex+1}
104992 | Slime:6  | Identified the amulet of Viugo {Clar Str+2 Dex+4}
104993 | Slime:6  | Identified the +10,+10 war axe "Jiytzum" {pain, -Cast rElec Str-1 SInv Stlth++}
105011 | Slime:6  | Gained mutation: Armour fits poorly on your strangely shaped body. [a shining eye]
105039 | Slime:6  | Lost mutation: You are agile. (Dex +2) [potion of cure mutation]
105039 | Slime:6  | Lost mutation: Armour fits poorly on your strangely shaped body. [potion of cure mutation]
105039 | Slime:6  | Lost mutation: You are resistant to hostile enchantments. [potion of cure mutation]
105039 | Slime:6  | Lost mutation: You are somewhat resistant to further mutation. [potion of cure mutation]
105118 | Slime:6  | Gained mutation: Armour fits poorly on your strangely shaped body. [a shining eye]
105122 | Slime:6  | Gained mutation: Your flesh is cold resistant. [a shining eye]
105846 | Elf:3    | Identified the cursed -3,-3 war axe "Gidorph" {chop, +Fly rC+} (You found it on level 3 of the Elven Halls)
105848 | Elf:3    | Identified the cursed -1,+0 crossbow of the Fray {velocity, rElec Str+4} (You found it on level 3 of the Elven Halls)
108217 | Slime:6  | Got a slimy rune of Zot
108226 | Slime:6  | Identified the Guide on Burning Attacks
108240 | Slime:6  | Upgraded the game from 0.13-a0-2899-gc7fce8a to 0.14-a0-1394-gf100833
108241 | Slime:6  | Quit the game

Action                   |  1- 3 |  4- 6 |  7- 9 | 10-12 | 13-15 | 16-18 | 19-21 | 22-24 || total
-------------------------+-------+-------+-------+-------+-------+-------+-------+-------++-------
Melee: Falchion          |    40 |       |    20 |   726 |       |       |       |       ||   786
       Dagger            |   140 |   262 |   632 |       |       |       |       |       ||  1034
       Whip              |       |       |   259 |       |       |       |       |       ||   259
       Quarterstaff      |       |       |    17 |  1512 |       |       |       |       ||  1529
       Long sword        |       |       |       |   194 |   632 |   152 |     5 |       ||   983
       Rod               |       |       |       |     5 |   105 |       |       |       ||   110
       Demon blade       |       |       |       |       |  2908 |  5006 |  4995 |  5185 || 18094
       Unarmed           |       |       |       |       |    13 |    38 |       |       ||    51
Throw: Dagger            |     9 |    11 |     5 |     2 |       |       |       |       ||    27
       Spear             |       |    17 |    21 |     2 |       |       |       |       ||    40
 Cast: Swiftness         |       |       |       |       |       |       |    31 |    24 ||    55
       Blink             |       |       |       |       |       |       |     5 |    10 ||    15
       Shroud of Golubri |       |       |       |       |       |       |     6 |     3 ||     9
       Haste             |       |       |       |       |       |       |    10 |    67 ||    77
       Deflect Missiles  |       |       |       |       |       |       |       |    36 ||    36
       Control Teleport  |       |       |       |       |       |       |       |     5 ||     5
Invok: No ability        |       |       |     6 |    19 |     6 |    11 |       |       ||    42
       No ability        |       |       |       |     8 |     1 |     6 |       |       ||    15
 Abil: Evoke Berserk Rag |       |       |       |       |       |       |       |     8 ||     8
Evoke: Wand              |       |     6 |     5 |    25 |    12 |     6 |    16 |    18 ||    88
       Rod               |       |       |       |     3 |     3 |     2 |     1 |       ||     9
       Miscellaneous     |       |       |       |       |       |       |     2 |     4 ||     6
  Use: Potion            |     6 |     2 |     8 |     8 |    14 |     6 |    16 |    14 ||    74
       Scroll            |     2 |     8 |     9 |    14 |    21 |    22 |    23 |    20 ||   119
 Stab: Invisible         |       |       |       |     1 |       |       |       |       ||     1
       Confused          |       |       |       |       |     1 |     1 |       |     3 ||     5
       Paralysed         |       |       |       |       |     1 |       |       |       ||     1
       Fleeing           |       |       |       |       |       |     2 |       |     2 ||     4
       Distracted        |       |       |       |       |       |       |     1 |     2 ||     3
